[Event "Early-Titled-Tuesday-Blitz-July-09-2024"]
[Site "Chess.com"]
[Date "2024.07.09"]
[Round "2"]
[White "pinguino120"]
[Black "bilosuvenosu06"]
[Result "0-1"]
[WhiteElo "2348"]
[BlackElo "2540"]
[TimeControl "180+1"]
[EndTime "8:17:17 PDT"]
[Termination "bilosuvenosu06 won by resignation"]

1. Nf3 c6 2. e4 d6 3. d4 g6 4. h4 h6 5. h5 g5 6. Bd3 Bg7 7. c3 e5 8. Nbd2 Qc7 9. O-O Ne7 10. Qb3 Be6 11. Bc4 Bxc4 12. Nxc4 b5 13. Ne3 Nd7 14.
a4 bxa4 15. Rxa4 O-O 16. Bd2 Kh7 17. Rfa1 Rfb8 18. Qa3 Rb7 19. Nc4 Nc8 20. Qa2 Ndb6 21. Ra6 Nxc4 22. Qxc4 Nb6 23. Qd3 Qe7 24. b4 Rd8 25.
Be3 Kg8 26. Nd2 d5 27. Nf1 exd4 28. Bxd4 dxe4 29. Qe2 Bxd4 30. cxd4 Rxd4 31. Ne3 Qd7 32. g4 Rxb4 33. Nf5 Kh7 34. Qe3 Rc4 35. Qa3 c5 36.
Qb2 Rd4 37. Nxd4 cxd4 38. Qc2 Qxg4+ 39. Kf1 Qf5 40. R1a5 Qf3 41. Re5 Qh1+ 42. Ke2 d3+ 43. Qxd3 exd3+ 44. Kxd3 Qc6 0-1

[Event "Early-Titled-Tuesday-Blitz-July-09-2024"]
[Site "Chess.com"]
[Date "2024.07.09"]
[Round "2"]
[White "alexrustemov"]
[Black "GrotBchess"]
[Result "1-0"]
[WhiteElo "2885"]
[BlackElo "2604"]
[TimeControl "180+1"]
[EndTime "8:17:18 PDT"]
[Termination "alexrustemov won by resignation"]

1. d4 Nf6 2. c4 e6 3. Nf3 d5 4.
Nc3 Be7 5. Bg5 O-O 6. e3 c6 7.
Qc2 b6 8. cxd5 cxd5 9. Rc1 Bb7 10. Bd3 Nbd7 11. O-O h6 12. Bh4 Rc8 13. Qe2 Ne4 14. Bxe7 Nxc3 15. Bxd8 Nxe2+ 16. Bxe2 Rfxd8 17. Bb5 Nf6 18.
Ne5 Kf8 19. f3 Ke7 20. Kf2 Ne8 21. Bxe8 Rxe8 22. Rfd1 f6 23. Nd3 Ba6 24. Nb4 Bb5 25.
a3 a5 26. Na2 Bc4 27. Nc3 Kd6 28. Ke1 Rc6 29. Kd2 Rec8 30. Nb1 Bb3 31. Rxc6+ Rxc6 32. Rc1 Rxc1 33. Kxc1 Bc4 34. Kd2 Bf1 35. g3 Bg2 36. Ke2 e5 37. Nc3 e4 38. fxe4 Bxe4 39. Nxe4+ dxe4 40.
g4 g6 41. Kf2 g5 42. a4 Kd5 43.
Ke2 Kc4 44. Kd2 Kb3 45. d5 Kxa4 46. d6 Kb5 47. d7 Kc6 48. d8=Q 1-0

[Event "Early-Titled-Tuesday-Blitz-July-09-2024"]
[Site "Chess.com"]
[Date "2024.07.09"]
[Round "2"]
[White "FREDERICKtheMATE"]
[Black "Bond_7_7_7"]
[Result "1-0"]
[WhiteElo "2743"]
[BlackElo "2465"]
[TimeControl "180+1"]
[EndTime "8:17:18 PDT"]
[Termination "FREDERICKtheMATE won by resignation"]

1. e4 e5 2. Nf3 Nc6 3. Bc4 Bc5 4.
c3 Nf6 5. d3 d6 6. a4 a6 7. h3 Ba7 8. Nbd2 h6 9. Nf1 g5 10.
Ne3 Na5 11. Ba2 Qe7 12. b4 Nc6 13. Qe2 Rg8 14. g4 a5 15. b5 Nb8 16. Ba3 Be6 17. Nd2 Nbd7 18. Nd5 Bxd5 19. Bxd5 Nxd5 20. exd5 Bc5 21.
Ne4 Bxa3 22. Rxa3 b6 23. Ng3 O-O-O 24. Nf5 Qf6 25. Kd2 Rge8 26. f3 Nc5 27. Kc2 Kb7 28.
h4 Rh8 29. Raa1 h5 30. d4 Nd7 31. hxg5 Qxg5 32. Rag1 Nf6 33. dxe5 dxe5 34. c4 hxg4 35. Rxh8 Rxh8 36. Qxe5 Nd7 37. Nd6+ cxd6 38. Qxg5 Rh2+ 39. Kd3 gxf3 40. Qe7 Kc7 41. Qxf7 f2 42. Rg7 Kb8 43. Qe8+ 1-0

[Event "Early-Titled-Tuesday-Blitz-July-09-2024"]
[Site "Chess.com"]
[Date "2024.07.09"]
[Round "2"]
[White "Bulatova_Kamaliya"]
[Black "Truequitos"]
[Result "0-1"]
[WhiteElo "2346"]
[BlackElo "2541"]
[TimeControl "180+1"]
[EndTime "8:17:18 PDT"]
[Termination "Truequitos won by resignation"]

1. e4 e6 2. Qe2 Be7 3. Nc3 d5 4.
exd5 exd5 5. d4 Nf6 6. Nf3 O-O 7.
Bg5 Re8 8. O-O-O Ne4 9. Bxe7 Rxe7 10. Nxe4 dxe4 11. Ne5 f6 12. Nc4 Be6 13. Kb1 Bf7 14. Ne3 Kh8 15. g4 Nc6 16. Nf5 Re8 17. g5 Qd5 18. b3 Qxf5 19. h4 Nb4 20. a3 Nd5 21. Kb2 Qf3 22. Qxf3 exf3 23. Bc4 Rad8 24. Rd3 Bg6 25.
Rd2 Nf4 26. gxf6 gxf6 27. h5 Nxh5 28. Rh3 c5 29. d5 Re5 30. d6 a6 31. a4 Nf4 32.
Rxf3 Rf5 33. Re3 Re5 34. Rf3 Re4 35. a5 Kg7 36. Rc3 Re5 37. Rf3 Ne6 38. d7 Nd4 39. Re3 Rxe3 40. fxe3 Nxc2 41. Rd6 Nxe3 42. Be6 Bf5 43.
Bxf5 Nxf5 44. Rb6 Rxd7 0-1

[Event "Early-Titled-Tuesday-Blitz-July-09-2024"]
[Site "Chess.com"]
[Date "2024.07.09"]
[Round "2"]
[White "MagnusCarlsen"]
[Black "nekotyanof"]
[Result "1-0"]
[WhiteElo "3177"]
[BlackElo "2682"]
[TimeControl "180+1"]
[EndTime "8:17:19 PDT"]
[Termination "MagnusCarlsen won by resignation"]

1. g3 Nf6 2. c4 g6 3. b4 Bg7 4. Bb2 d5 5. cxd5 Qxd5 6. Nf3 Nc6 7. Bg2 Nxb4 8. Qa4+ Nc6 9. O-O Bd7 10. Nc3 Qh5 11.
Rac1 O-O 12. Qf4 e5 13. Qg5 e4 14. Qxh5 Nxh5 15. Ne1 f5 16. d3 Rae8 17. dxe4 fxe4 18. Nc2 a6 19. Rfd1 Rf7 20. Ne3 Nd4 21. Rd2 Bc6 22.
Nxe4 Nxe2+ 23. Rxe2 Bxe4 24. Bxg7 Nxg7 25. Ng4 Bc6 26. Nh6+ Kf8 27. Rxe8+ Nxe8 28. Nxf7 Bxg2 29. Kxg2 Kxf7 30. f4 Ke6 31. Kf3 b6 32. a4 b5 33.
axb5 axb5 34. Rc5 Nd6 35. Rxc7 b4 36. Ke2 h5 37. Kd3 Kf5 38. Rc5+ Ke6 39. Ra5 b3 40. Ra3 h4 41. Rxb3 hxg3 42. hxg3 Nf5 43. Ke4 Nd6+ 44. Kf3 g5 45. fxg5 Kf5 46. Rd3 Nf7 47.
Rd5+ Ne5+ 48. Rxe5+ Kxe5 49. Kg4 Ke6 50. Kh5 Kf7 51.
Kh6 Kg8 52. Kg6 1-0

[Event "Early-Titled-Tuesday-Blitz-July-09-2024"]
[Site "Chess.com"]
[Date "2024.07.09"]
[Round "2"]
[White "Pitomina"]
[Black "AradNazari"]
[Result "1/2-1/2"]
[WhiteElo "2576"]
[BlackElo "2798"]
[TimeControl "180+1"]
[EndTime "8:17:19 PDT"]
[Termination "Game drawn by repetition"]

1. e4 c5 2. Nf3 d6 3. d4 cxd4 4. Nxd4 Nf6 5. Nc3 Nc6 6. g3 e5 7. Nde2 Be6 8. Bg2 Be7 9. O-O O-O 10. h3 Rc8 11. b3 a6 12. Bb2 b5 13. g4 Nd7 14. Nd5 Bg5 15. a3 Ne7 16. Qd3 Bxd5 17. exd5 Qc7 18. c3 Ng6 19. b4 Nb6 20. Be4 Nc4 21. Bc1 Qe7 22. Bf5 Rc7 23. Bxg6 hxg6 24. f4 exf4 25. Bxf4 Re8 26. Nd4 Bxf4 27. Rxf4 Qe3+ 28.
Qxe3 Rxe3 29. a4 bxa4 30. Rxa4 Rxc3 31. Rxa6 g5 32. Re4 g6 33. Rc6 Ne5 34. b5 Nxc6 35.
dxc6 Rc1+ 36. Kf2 Rb1 37. Re8+ Kg7 38. Ke3 Re1+ 39. Ne2 Rb1 40. Nc3 Re1+ 41. Ne2 Rb1 42. Nc3 Re1+ 43. Ne2 1/2-1/2

[Event "Early-Titled-Tuesday-Blitz-July-09-2024"]
[Site "Chess.com"]
[Date "2024.07.09"]
[Round "2"]
[White "Vahe_Danielyan"]
[Black "Antek_Radzimski"]
[Result "0-1"]
[WhiteElo "2755"]
[BlackElo "2558"]
[TimeControl "180+1"]
[EndTime "8:17:20 PDT"]
[Termination "Antek_Radzimski won by resignation"]

1. e4 e5 2. Nc3 Nc6 3. g3 Nf6 4. Bg2 Bc5 5. Nge2 d6 6. d3 a6 7.
h3 O-O 8. O-O Nd4 9. Kh2 Re8 10.
f4 c6 11. f5 d5 12. Nxd4 exd4 13.
e5 Rxe5 14. b4 Bxb4 15. Ne2 Rxf5 16. Bb2 c5 17. Nf4 Ba5 18. Qe2 Bc7 19. Rae1 Bxf4 20. gxf4 Be6 21. Bc1 Qd6 22. Qf2 b5 23. Kh1 a5 24.
Qg3 b4 25. Rg1 g6 26. Re5 Nh5 27. Qh2 Ng7 28. Bf3 a4 29. Bg4 Rxe5 30. fxe5 Qe7 31. Bd1 Bf5 32. Bg5 Qe6 33. Bf6 Ne8 34. Bg5 c4 35.
Qg3 b3 36. cxb3 axb3 37. axb3 Bxd3 38. bxc4 dxc4 39. Bf3 Ra3 40. Qg2 Be4 41. Rf1 Rxf3 42. Rxf3 Qd5 43. Kg1 Bxf3 44. Qg3 d3 45. Bd2 c3 46.
Bxc3 d2 47. Bxd2 Qxd2 48. Qxf3 Qe1+ 49. Kg2 Qxe5 50. Qa8 Kg7 51. h4 Nf6 52. h5 Qe4+ 53.
Qxe4 Nxe4 0-1

[Event "Early-Titled-Tuesday-Blitz-July-09-2024"]
[Site "Chess.com"]
[Date "2024.07.09"]
[Round "2"]
[White "BillCoe"]
[Black "Hirna2005"]
[Result "0-1"]
[WhiteElo "2048"]
[BlackElo "2430"]
[TimeControl "180+1"]
[EndTime "8:17:20 PDT"]
[Termination "Hirna2005 won by checkmate"]

1. e4 g6 2. d4 Bg7 3. Nf3 d6 4. h3 a6 5. a4 Nf6 6. Nc3 O-O 7. Be3 Nbd7 8. Be2 e5 9. O-O Re8 10. d5 Nh5 11. Qd2 Rf8 12. Bh6 Qe8 13. Bxg7 Kxg7 14. Nh2 Nf4 15. Bf3 f5 16. Ne2 Nxe2+ 17. Qxe2 Nf6 18.
g3 fxe4 19. Bxe4 Bxh3 20. Rfe1 Qd7 21. Ra3 Nxe4 22. Qxe4 Bf5 23. Qb4 Bxc2 24. Rc3 Bf5 25. Qxb7 Rfc8 26. f3 Rab8 27. Qxa6 Rxb2 28. g4 Rb1 29.
Rcc1 Rb6 30. Qc4 Kh8 31. gxf5 gxf5 32. Kf2 Qe7 33. Rc2 f4 34. Ke2 Rg8 35. Kd3 Qg7 36. Ng4 Qg6+ 37. Qe4 Qe8 38. Rxc7 Rg7 39. Rxg7 Kxg7 40.
Rh1 h5 41. Nf2 Rb3+ 42. Kc2 Re3 43. Rg1+ Kh6 44. Ng4+ hxg4 45. Rh1+ Kg5 46. Qb4 Qg6+ 47. Kb2 Re2+ 48. Kb3 Qc2+ 49. Ka3 Qa2# 0-1

[Event "Early-Titled-Tuesday-Blitz-July-09-2024"]
[Site "Chess.com"]
[Date "2024.07.09"]
[Round "2"]
[White "Hikaru"]
[Black "SirStrateg"]
[Result "1-0"]
[WhiteElo "3231"]
[BlackElo "2683"]
[TimeControl "180+1"]
[EndTime "8:17:21 PDT"]
[Termination "Hikaru won by checkmate"]

1. b3 d5 2. Bb2 Bf5 3. Nf3 e6 4. g3 Nf6 5. d3 h6 6. Bg2 Nbd7 7. O-O c6 8. Nbd2 a5 9. a3 Bh7 10. Re1 Be7 11. e4 dxe4 12. dxe4 O-O 13. Qe2 Nc5 14. e5 Nd5 15. Rac1 b5 16. Red1 b4 17. a4 Qc7 18.
Nc4 Ne4 19. Re1 Nec3 20. Qf1 Bc5 21. Nfd2 Rfd8 22. Ne4 Bxe4 23. Bxe4 Rd7 24. Bd3 Qa7 25. Bxc3 Nxc3 26. Kg2 Bd4 27. f4 c5 28. f5 Rf8 29. f6 Nd5 30. fxg7 Kxg7 31. Qf3 f5 32. exf6+ Rxf6 33. Qg4+ Kf7 34. Rf1 Qb7 35. Be4 Qb8 36.
Rxf6+ Nxf6 37. Rf1 Qh8 38. Nxa5 h5 39. Qf3 Qh6 40. Nc4 h4 41. g4 Ke7 42. h3 Rd8 43.
Bd3 Qg5 44. a5 Nd5 45. Qf7# 1-0

[Event "Early-Titled-Tuesday-Blitz-July-09-2024"]
[Site "Chess.com"]
[Date "2024.07.09"]
[Round "2"]
[White "KnightmareJoker"]
[Black "MFatigue"]
[Result "1-0"]
[WhiteElo "2327"]
[BlackElo "2501"]
[TimeControl "180+1"]
[EndTime "8:17:21 PDT"]
[Termination "KnightmareJoker won by checkmate"]

1. e4 e6 2. d4 d5 3. exd5 exd5 4.
Nf3 Nf6 5. Bd3 Bd6 6. O-O O-O 7. c3 Bg4 8. Bg5 h6 9. Bh4 g5 10. Bg3 Ne4 11. Bxd6 cxd6 12. Re1 f5 13. Qb3 Nf6 14. Nbd2 Nbd7 15. h3 Bh5 16. Bxf5 b6 17. Be6+ Kg7 18. Bxd5 Nxd5 19. Qxd5 Nf6 20. Qc4 Bf7 21.
Qd3 Bg6 22. Qb5 Qc7 23. Re3 Rae8 24. Rae1 Rxe3 25. Rxe3 Bf7 26. c4 Rc8 27. b3 d5 28.
Ne5 Be8 29. Qb4 a5 30. Qa3 a4 31. Ng4 Bf7 32. Nxf6 Kxf6 33. Qxa4 dxc4 34. Nxc4 Bxc4 35. bxc4 Qxc4 36. Qxc4 Rxc4 37. Rb3 Rxd4 38. Rxb6+ Kg7 39. Rb2 Rd1+ 40. Kh2 Ra1 41. Kg3 Kg6 42. Kf3 Kh5 43. Rb6 g4+ 44. hxg4+ Kg5 45. Kg3 Rxa2 46. f4# 1-0

[Event "Early-Titled-Tuesday-Blitz-July-09-2024"]
[Site "Chess.com"]
[Date "2024.07.09"]
[Round "2"]
[White "chessmachine14"]
[Black "jbking07"]
[Result "0-1"]
[WhiteElo "2243"]
[BlackElo "2482"]
[TimeControl "180+1"]
[EndTime "8:17:22 PDT"]
[Termination "jbking07 won on time"]

1. e4 c5 2. Nf3 e6 3. d4 cxd4 4. Nxd4 Nf6 5. Nc3 Nc6 6. Nxc6 bxc6 7. e5 Nd5 8. Ne4 Qc7 9. f4 Qb6 10. c4 Bb4+ 11. Ke2 f5 12. exf6 Nxf6 13. Be3 Qd8 14. Nd6+ Bxd6 15. Qxd6 Bb7 16. c5 Ba6+ 17. Kf3 Bxf1 18.
Rhxf1 Qe7 19. Qxe7+ Kxe7 20. Bd4 Rab8 21. Be5 Rb4 22.
g3 Kf7 23. Rfd1 Nd5 24. Rd4 Rb5 25. Rc4 h5 26. h3 a5 27. Rd1 Ra8 28. Rd3 g6 29.
Kf2 Rb4 30. Rxb4 axb4 31. a3 bxa3 32. bxa3 Ra4 33. h4 Ke8 34. Bb2 Rc4 35. Bd4 Nc7 36.
Be3 Nb5 37. Kf3 Ra4 38. Bc1 Rc4 39. Be3 Ke7 0-1

[Event "Early-Titled-Tuesday-Blitz-July-09-2024"]
[Site "Chess.com"]
[Date "2024.07.09"]
[Round "2"]
[White "Kobalia"]
[Black "JueIes"]
[Result "1-0"]
[WhiteElo "2793"]
[BlackElo "2555"]
[TimeControl "180+1"]
[EndTime "8:17:23 PDT"]
[Termination "Kobalia won by resignation"]

1. e4 c6 2. d4 d5 3. e5 Bf5 4. Nf3 e6 5. Be2 Nd7 6. O-O h6 7. a4 Ne7 8. Nbd2 Qc7 9. Nb3 g5 10. Ne1 Bg7 11. f4 Be4 12. Bd3 Bxd3 13. Nxd3 O-O-O 14.
fxg5 hxg5 15. Rxf7 Nf5 16. g4 Nxd4 17. Nxd4 Qb6 18.
Be3 Bxe5 19. a5 Bxh2+ 20. Kf1 Qc7 21. Nxe6 Qg3 22. Rf3 Qxg4 23. Nxd8 Rxd8 24. Nf2 Qg1+ 25. Ke2 Qg2 26. Qh1 Qxh1 27. Rxh1 Be5 28. Nd3 Bd6 29. Rh7 g4 30. Rff7 g3 31. Kf3 c5 32. Bf4 Bxf4 33. Kxf4 g2 34. Rhg7 c4 35. Nb4 Nc5 36. Rc7+ Kb8 37. Rxc5 1-0

[Event "Early-Titled-Tuesday-Blitz-July-09-2024"]
[Site "Chess.com"]
[Date "2024.07.09"]
[Round "2"]
[White "Sic_Transit_GM"]
[Black "FXDon77"]
[Result "0-1"]
[WhiteElo "2588"]
[BlackElo "2859"]
[TimeControl "180+1"]
[EndTime "8:17:24 PDT"]
[Termination "FXDon77 won by resignation"]

1. Nf3 d5 2. e3 Nf6 3. c4 e6 4. Nc3 b6 5. b3 Bb7 6. Bb2 Nbd7 7.
g3 a6 8. Bg2 Bd6 9. O-O Qe7 10.
d3 O-O 11. Qe2 c5 12. Rad1 Rad8 13. Ne1 Rfe8 14. f4 Bb8 15. Nf3 Nf8 16. e4 d4 17. Nb1 Ng4 18. Bc1 f5 19. h3 Nf6 20.
Nbd2 b5 21. Rfe1 bxc4 22. bxc4 fxe4 23. Nxe4 Nxe4 24. dxe4 e5 25. f5 Rd6 26. Ba3 Rb6 27. Rb1 Nd7 28. Qc2 Bc6 29. Red1 Bd6 30. Ne1 Reb8 31.
Rxb6 Nxb6 32. Rb1 Na4 33. Rxb8+ Bxb8 34. Nd3 Bd6 35. Qb3 Qb7 36. Qxb7 Bxb7 37. Kf2 a5 38. g4 Ba6 39. Bf1 Nc3 40. Kf3 Bxc4 41. Be2 Nxe2 42.
Kxe2 Bxd3+ 43. Kxd3 c4+ 0-1

[Event "Early-Titled-Tuesday-Blitz-July-09-2024"]
[Site "Chess.com"]
[Date "2024.07.09"]
[Round "2"]
[White "Ditman2007"]
[Black "invisible_s0ul"]
[Result "1-0"]
[WhiteElo "2716"]
[BlackElo "2373"]
[TimeControl "180+1"]
[EndTime "8:17:24 PDT"]
[Termination "Ditman2007 won on time"]

1. e4 c5 2. Nf3 d6 3. d4 cxd4 4. Nxd4 Nf6 5. Nc3 a6 6. f3 g6 7. Be3 Bg7 8. Qd2 b5 9. a4 b4 10. Nd5 Nxd5 11. exd5 a5 12. Bc4 O-O 13. O-O Ba6 14.
Bxa6 Nxa6 15. Nc6 Qd7 16. Bd4 Nc5 17. Bxg7 Kxg7 18. Qd4+ Kg8 19. Rfe1 e5 20. Nxe5 dxe5 21. Qxc5 Rfe8 22. Re2 Rec8 23. Qb5 Qa7+ 24. Kh1 Qd4 25. Rb1 Rc5 26. Qb7 Qxd5 27. Qe7 Rac8 28. Rbe1 Rxc2 29.
Rxe5 Qb3 30. Qf6 Rf8 31. h4 Rcc8 32. h5 h6 33. hxg6 Qc4 34. g7 Rfd8 35. Qxh6 1-0

[Event "Early-Titled-Tuesday-Blitz-July-09-2024"]
[Site "Chess.com"]
[Date "2024.07.09"]
[Round "2"]
[White "LileKoridze"]
[Black "JAN2404"]
[Result "1-0"]
[WhiteElo "2431"]
[BlackElo "2062"]
[TimeControl "180+1"]
[EndTime "8:17:24 PDT"]
[Termination "LileKoridze won on time"]

1. d4 Nf6 2. c4 g6 3. Nc3 Bg7 4. e4 d6 5. Nf3 O-O 6. Be2 e5 7. d5 a5 8. Bg5 Na6 9. Nd2 c6 10. dxc6 bxc6 11. O-O Be6 12. Be3 Rb8 13. b3 Nd7 14. Qc1 f5 15. f3 f4 16. Bf2 g5 17.
Rd1 Qe7 18. Nf1 h5 19. h3 Nf6 20. Qd2 Rbd8 21. Bb6 Rd7 22. Bxa5 g4 23. fxg4 hxg4 24. hxg4 Nxg4 25. Bxg4 Bxg4 26. Re1 f3 27. Bb6 Nc5 28.
Nd1 Qh4 29. g3 Qh3 30. Qh2 Nd3 31. Qxh3 Bxh3 32. Nf2 Nxe1 33. Rxe1 Bxf1 34. Kxf1 Ra8 35.
a4 c5 36. Re3 Rf7 37. Ng4 Rb8 38. a5 Kh7 39. Nh2 f2 40. Ng4 Bh6 41. Re2 Rg8 42. Rxf2 Rxf2+ 43. Nxf2 Rxg3 44. a6 Rxb3 45. a7 Ra3 46. Ng4 Bf4 47. Nf6+ Kg6 48. Nd5 Kg5 49. Nc7 Ra1+ 50. Ke2 Ra2+ 51. Kd3 Ra3+ 52. Kc2 Ra6 53. Nxa6 1-0

[Event "Early-Titled-Tuesday-Blitz-July-09-2024"]
[Site "Chess.com"]
[Date "2024.07.09"]
[Round "2"]
[White "SuanTiltado"]
[Black "wannabe2700"]
[Result "0-1"]
[WhiteElo "2360"]
[BlackElo "2561"]
[TimeControl "180+1"]
[EndTime "8:17:26 PDT"]
[Termination "wannabe2700 won by checkmate"]

1. d4 f5 2. c4 Nf6 3. g3 g6 4.
Bg2 Bg7 5. Nf3 O-O 6. O-O d6 7. Nc3 c6 8. d5 e5 9. c5 e4 10. Ng5 h6 11. Nh3 dxc5 12. Nf4 g5 13. Ne6 Bxe6 14.
dxe6 Qxd1 15. Rxd1 Na6 16. h4 gxh4 17. gxh4 Rae8 18.
Bh3 Nh5 19. Rd7 b5 20. Rxa7 Nb4 21. Bd2 Rxe6 22. a3 Nc2 23. Rc1 Nd4 24. Kh2 Rg6 25. Rg1 Be5+ 26. Kh1 Rxg1+ 27. Kxg1 b4 28. Na4 Nxe2+ 29.
Kh1 Nef4 30. Bf1 bxa3 31. bxa3 Rb8 32. Bc4+ Kh8 33. Nxc5 Rb1+ 34. Kh2 Nd3+ 35. Kg2 Nhf4+ 36. Kh2 Ne2+ 37. Kg2 Rg1+ 38. Kh3 Rh1+ 39. Kg2 Rh2+ 40. Kf1 Ndf4 41. Bxe2 Rh1# 0-1

[Event "Early-Titled-Tuesday-Blitz-July-09-2024"]
[Site "Chess.com"]
[Date "2024.07.09"]
[Round "2"]
[White "Os55555"]
[Black "VaglioSagan"]
[Result "0-1"]
[WhiteElo "2259"]
[BlackElo "2493"]
[TimeControl "180+1"]
[EndTime "8:17:26 PDT"]
[Termination "VaglioSagan won on time"]

1. b3 c5 2. e4 Nc6 3. Bb2 e6 4. Nf3 d5 5. exd5 exd5 6. Bb5 Nf6 7. Bxc6+ bxc6 8. h3 Be7 9. O-O O-O 10. Ne5 Bd6 11. d3 Qc7 12. Nf3 d4 13. Nbd2 Be6 14.
Ng5 Bd5 15. Nge4 Nxe4 16. dxe4 Be6 17. Ba3 Qa5 18. Qc1 Bf4 19. Rd1 Rfd8 20. g3 Bh6 21.
Bb2 d3 22. c3 c4 23. bxc4 Qh5 24. h4 Bg4 25. Re1 g5 26. Kg2 gxh4 27. Rh1 Bf3+ 28.
Nxf3 Bxc1 29. Bxc1 Qc5 30. Be3 Qxc4 31. Rxh4 Qxc3 32.
Rah1 d2 33. Nxd2 Rxd2 34. Rxh7 Qxe3 35. Rh8+ Kg7 36. R1h7+ Kf6 37. Rh6+ Ke7 0-1

[Event "Early-Titled-Tuesday-Blitz-July-09-2024"]
[Site "Chess.com"]
[Date "2024.07.09"]
[Round "2"]
[White "RedFirePanda"]
[Black "Sofia_Blokhin"]
[Result "1-0"]
[WhiteElo "2468"]
[BlackElo "2198"]
[TimeControl "180+1"]
[EndTime "8:17:26 PDT"]
[Termination "RedFirePanda won by resignation"]

1. d4 f5 2. Bf4 Nf6 3. Nf3 g6 4. e3 Bg7 5. h3 O-O 6. Be2 d6 7. O-O Ne4 8. Nbd2 Nc6 9. c3 e5 10. dxe5 dxe5 11. Bh2 Nd6 12. Nc4 Qe7 13. Qc2 e4 14. Nd4 Ne5 15. Nxe5 Bxe5 16. Bxe5 Qxe5 17. Rfd1 Kh8 18. c4 b6 19. b4 Bb7 20. c5 Nf7 21.
Nb3 Rad8 22. Rxd8 Rxd8 23. Rd1 Rxd1+ 24. Qxd1 Qd5 25. Qc2 Ne5 26. Nd4 Nd3 27. c6 Ba8 28. b5 Nc5 29. Bc4 Qe5 30. Nb3 a6 31.
Nxc5 axb5 32. Bxb5 bxc5 33. Qa4 Qa1+ 34. Kh2 Qe5+ 35.
g3 Qb2 36. Qxa8+ Kg7 37. Bf1 Qxf2+ 38. Bg2 Qxe3 39. Qd8 f4 40. Qxc7+ Kg8 41. Qxf4 1-0

[Event "Early-Titled-Tuesday-Blitz-July-09-2024"]
[Site "Chess.com"]
[Date "2024.07.09"]
[Round "2"]
[White "MikeSailer"]
[Black "RodriQA"]
[Result "1-0"]
[WhiteElo "2092"]
[BlackElo "2411"]
[TimeControl "180+1"]
[EndTime "8:17:26 PDT"]
[Termination "MikeSailer won by resignation"]

1. d4 d5 2. Nf3 Nf6 3. Bf4 c5 4.
e3 Nc6 5. c3 cxd4 6. exd4 a6 7.
Bd3 Bg4 8. Nbd2 e6 9. O-O Bd6 10. Bxd6 Qxd6 11. Re1 O-O 12. h3 Bh5 13. Qe2 Rac8 14.
Qf1 Qc7 15. Ne5 Qxe5 16. dxe5 Nd7 17. f4 Bg6 18. Bxg6 hxg6 19. Nf3 Na5 20. Rac1 Nc4 21. b3 Na5 22. Qf2 Nc5 23. Red1 Ne4 24. Qh4 f6 25. c4 dxc4 26. bxc4 Rc7 27. Nd4 Re7 28. Qg4 Kf7 29.
exf6 gxf6 30. Nb3 Nc6 31. Qe2 f5 32. Nd4 Rc8 33. Nxc6 Rxc6 34. Kh2 Rec7 35. Rd8 Ke7 36. Rh8 b5 37. Rh7+ Kf6 38. Rxc7 Rxc7 39. Qb2+ Kf7 40.
cxb5 Rb7 41. b6 g5 42. Rc7+ 1-0

[Event "Early-Titled-Tuesday-Blitz-July-09-2024"]
[Site "Chess.com"]
[Date "2024.07.09"]
[Round "2"]
[White "Kildepiotr"]
[Black "Irina_Mikhaylova"]
[Result "1-0"]
[WhiteElo "2689"]
[BlackElo "2383"]
[TimeControl "180+1"]
[EndTime "8:17:27 PDT"]
[Termination "Kildepiotr won by resignation"]

1. Nf3 Nf6 2. g3 g6 3. Bg2 Bg7 4. O-O O-O 5. d4 d5 6. c4 c6 7. Nc3 dxc4 8. a4 a5 9. e3 Na6 10. Qe2 Be6 11. Ne5 Nb4 12. Nxc4 Nfd5 13. Ne4 Nb6 14. Nxb6 Qxb6 15. Nc5 Bc8 16. Bd2 e5 17. Bc3 Re8 18. Qd2 Be6 19. Nxe6 Rxe6 20. dxe5 Bxe5 21. Bxe5 Rxe5 22. Rfd1 Ree8 23. Bf1 Rad8 24. Qc3 Rxd1 25. Rxd1 Rd8 26. Rxd8+ Qxd8 27. Bc4 Qd6 28. h4 h5 29. e4 c5 30. Qf3 Qe7 31. Qe3 Kg7 32. e5 Nc6 33. f4 Nd4 34. Qe4 Qd7 35. b3 Qg4 36. Kf2 Qh3 37. Qxb7 Qh2+ 38. Qg2 Qxg2+ 39. Kxg2 f6 40.
Bd5 fxe5 41. fxe5 Nf5 42. Kf3 Kf8 43. Kf4 Ke7 44. Bc4 Ke8 45. Bd3 Nd4 46. Bxg6+ Ke7 47. Bxh5 Nxb3 48. Be2 Nd4 49. Bc4 Nc2 50. h5 Na3 51.
Bd5 c4 52. Ke4 c3 53. Kd3 c2 54. Kd2 1-0

[Event "Early-Titled-Tuesday-Blitz-July-09-2024"]
[Site "Chess.com"]
[Date "2024.07.09"]
[Round "2"]
[White "RobertoJBM"]
[Black "Kazmin_Semyon"]
[Result "1-0"]
[WhiteElo "2870"]
[BlackElo "2591"]
[TimeControl "180+1"]
[EndTime "8:17:29 PDT"]
[Termination "RobertoJBM won by checkmate"]

1. d4 Nf6 2. Nf3 d5 3. e3 e6 4.
Bd3 b6 5. Nbd2 Bb7 6. Qe2 c5 7. c3 Be7 8. e4 dxe4 9. Nxe4 Nxe4 10. Bxe4 Bxe4 11. Qxe4 Nd7 12. O-O O-O 13. Rd1 Nf6 14.
Qe2 Qc7 15. Bg5 Nd5 16. dxc5 Bxc5 17. c4 Nf4 18. Qe4 Ng6 19. Rd3 h6 20. Be3 Rad8 21. Bxc5 Qxc5 22. Rad1 Rxd3 23. Rxd3 Rc8 24. b3 b5 25.
cxb5 Qxb5 26. g3 Rc1+ 27. Kg2 Qc6 28. Rd8+ Kh7 29. Qxc6 Rxc6 30. Rd7 Ra6 31. a4 f6 32. Nd4 Ne5 33. Rc7 Kg6 34. f4 Nd3 35. Nb5 Rb6 36. Rxa7 Nc5 37. b4 Nxa4 38. Rxa4 Rxb5 39. Kf3 e5 40. Ke4 exf4 41. gxf4 h5 42. h4 Rb8 43. f5+ Kh6 44. Kd5 Rb5+ 45. Kc6 Rxf5 46. b5 Rf1 47. Rb4 Rc1+ 48. Kd7 Rd1+ 49. Ke7 Re1+ 50. Kf7 Rd1 51. b6 Rd7+ 52. Ke6 Rb7 53. Kd6 g5 54. Kc6 Rb8 55. b7 Rg8 56. b8=Q Rxb8 57. Rxb8 gxh4 58. Kd5 Kg5 59. Ke4 Kg4 60. Rg8+ Kh3 61. Kf3 Kh2 62. Rg2+ Kh1 63. Rg6 h3 64. Kf2 h4 65. Rxf6 h2 66. Ra6 h3 67. Ra1# 1-0

[Event "Early-Titled-Tuesday-Blitz-July-09-2024"]
[Site "Chess.com"]
[Date "2024.07.09"]
[Round "2"]
[White "ArchibaldCerveza29"]
[Black "Herzog2012"]
[Result "0-1"]
[WhiteElo "2433"]
[BlackElo "2733"]
[TimeControl "180+1"]
[EndTime "8:17:30 PDT"]
[Termination "Herzog2012 won by checkmate"]

1. e4 c5 2. c3 Nf6 3. e5 Nd5 4. d4 cxd4 5. Nf3 Nc6 6. cxd4 d6 7. exd6 Qxd6 8. Nc3 Bg4 9. Be2 e6 10. O-O Be7 11. h3 Bh5 12. Be3 O-O 13. Rc1 Rac8 14.
Qb3 Ncb4 15. a3 Nxc3 16. bxc3 Nd5 17. c4 Nxe3 18. fxe3 Qxa3 19. Qxa3 Bxa3 20. Ra1 Bd6 21. Rxa7 Rc7 22. Rb1 Rb8 23. Rb6 Bg3 24. c5 Bg6 25. Nd2 e5 26. Bf3 exd4 27. exd4 Re7 28. Ra1 Bf4 29.
Nc4 h5 30. Kf2 Bd3 31. Nd6 Be3+ 32. Kg3 Bxd4 33. Rxb7 Be5+ 34. Kf2 Bxd6 35. cxd6 Rexb7 36. Bxb7 Rxb7 37. Ra8+ Kh7 38. Rd8 Bf5 39. Kg3 Be6 40. Kh4 g6 41. g4 hxg4 42. hxg4 Rb4 43. Kg5 Kg7 44. d7 Rxg4# 0-1

[Event "Early-Titled-Tuesday-Blitz-July-09-2024"]
[Site "Chess.com"]
[Date "2024.07.09"]
[Round "2"]
[White "Trendle"]
[Black "Fandorine"]
[Result "1-0"]
[WhiteElo "2646"]
[BlackElo "2922"]
[TimeControl "180+1"]
[EndTime "8:17:31 PDT"]
[Termination "Trendle won by checkmate"]

1. f4 d5 2. Nf3 g6 3. g3 c6 4. Bg2 Qb6 5. d3 Bg7 6. Nc3 Nh6 7. e4 dxe4 8. dxe4 O-O 9. Qe2 Na6 10. a3 Bg4 11. h3 Bxf3 12. Bxf3 Rad8 13. Kf1 e5 14.
Kg2 exf4 15. gxf4 Rfe8 16. Qf2 Qxf2+ 17. Kxf2 Bxc3 18. bxc3 Nc5 19. Re1 f5 20. e5 Kf7 21.
Rb1 Rd7 22. Be3 Ne4+ 23. Bxe4 fxe4 24. Bxa7 b5 25. Bd4 Ke6 26. Rxe4 Ra8 27. Rb3 Nf5 28. Kf3 Ra4 29. Bf2 Rxe4 30. Kxe4 Rd2 31. Bd4 Rxc2 32. a4 Re2+ 33. Kd3 bxa4 34. Rb6 Rh2 35. Rxc6+ Kd7 36. Ra6 Rxh3+ 37. Kc4 h5 38. e6+ Kc7 39. Be5+ Kb7 40. Rxa4 Rh1 41. Kc5 Rd1 42. Rb4+ Ka7 43.
Rb8 h4 44. Rh8 Ka6 45. c4 Re1 46. Rh7 Rc1 47. e7 Nxe7 48. Rxe7 h3 49. Rh7 Rh1 50. Kc6 h2 51. Bd6 Rc1 52. Bc5 Rxc4 53. Ra7# 1-0